 Dungeon Crawl Stone Soup version 0.25-a0-733-gf7d8cd8a05 (webtiles) character file.

Game seed: 5663403438869398117, levelgen mode: deterministic

49 Iflex the Poker (level 3, 0/28 HPs)
             Began as a Merfolk Gladiator on Apr 9, 2020.
             Slain by a gnoll (2 damage)
             ... on level 2 of the Dungeon.
             The game lasted 00:02:41 (1012 turns).

Iflex the Poker (Merfolk Gladiator)                 Turns: 1012, Time: 00:02:42

Health: 0/28       AC:  4    Str: 15    XL:     3   Next: 75%
Magic:  3/3        EV:  7    Int:  7    God:
Gold:   70         SH:  0    Dex: 15    Spells: 2/2 levels left

rFire    . . .     SeeInvis .   a - +0 trident
rCold    . . .     Gourm    .   (no shield)
rNeg     . . .     Faith    .   b - +0 leather armour
rPois    .         Spirit   .   c - +0 helmet
rElec    .         Reflect  .   (no cloak)
rCorr    .         Harm     .   (no gloves)
MR       .....                  (no boots)
Stlth    +.........             (no amulet)
HPRegen  0.09/turn              (no ring)
MPRegen  0.08/turn              (no ring)

@: held
A: change form in water, swift swim, stealthy swim
a: no special abilities


You were on level 2 of the Dungeon.
You were not hungry.

You visited 1 branch of the dungeon, and saw 2 of its levels.

You collected 70 gold pieces.

Inventory:

Hand Weapons
 a - a +0 trident (weapon)
Missiles
 d - 3 throwing nets (quivered)
Armour
 b - a +0 leather armour (worn)
 c - a +0 helmet (worn)
Jewellery
 i - a +3 ring of dexterity
 j - a +2 amulet of reflection
Scrolls
 e - a scroll of identify {unknown}
 l - 4 scrolls of teleportation {unknown}
 n - a scroll of fog {unknown}
Potions
 g - 2 potions of curing {unknown}
 h - 2 potions of lignification {unknown}
 k - a potion of cancellation {unknown}
 m - a potion of heal wounds {unknown}
 o - a potion of brilliance {unknown}
Comestibles
 f - 3 rations


   Skills:
 + Level 2.5 Fighting
 + Level 5.8 Polearms
 + Level 2.1 Throwing
 + Level 4.3 Dodging
 + Level 0.6 Stealth


You had 2 spell levels left.
You didn't know any spells.
Your spell library was empty.

Dungeon Overview and Level Annotations

Branches:
Dungeon (2/15)

Altars:


Message History

The giant cockroach bites you but does no damage.
The giant cockroach closely misses you. The bat hits you but does no damage.
The gnoll hits you but does no damage. The bat hits you.
The giant cockroach barely misses you. The gnoll completely misses you.
The gnoll hits you. The giant cockroach bites you. The bat hits you.
The gnoll completely misses you.
The giant cockroach bites you but does no damage.
The gnoll barely misses you. The bat barely misses you.
The giant cockroach barely misses you.
The gnoll hits you from afar with a +0 halberd!
* * * LOW HITPOINT WARNING * * *
The gnoll hits you.
* * * LOW HITPOINT WARNING * * *
The bat closely misses you. The giant cockroach barely misses you.
The gnoll barely misses you. The gnoll hits you.
* * * LOW HITPOINT WARNING * * *
The bat barely misses you. The giant cockroach barely misses you.
The gnoll hits you.
You die...

##.#.# #(# #.#
#....#####.# #.#
#.###.......# #.# #..
#.####### #.# #..###.####
##.##### ####
#.#.......#### #......#
... ..#.####.....#
#.##.#.#
..####.#.####....s#
#.##.#.#
....##.#.##...gg@.#
#....#.#
..#.##.#.##.#.....#
#.####.#
.##..gg.......b...#
#......#
.......##.#.#######
#.###### ###.##.##.#.#
#.# #.##....#.# #.#
##.####..#.# #####.#
##...###..#.#######....[#
...#................#####


You could see 2 gnolls, a giant cockroach and a bat.

Vanquished Creatures
  A gnoll (D:1)
  An ooze (D:2)
  A dart slug (D:2)
  A leopard gecko (D:1)
  6 bats
  A giant cockroach (D:1)
  9 goblins
  2 hobgoblins (D:1)
  2 jackals (D:1)
  A kobold (D:1)
  A frilled lizard (D:1)
  3 rats (D:1)
29 creatures vanquished.

Notes
Turn   | Place    | Note
-------+----------+-------------------------------------------
     0 | D:1      | Iflex the Merfolk Gladiator began the quest for the Orb.
     0 | D:1      | Reached XP level 1. HP: 16/16 MP: 1/1
    46 | D:1      | Reached XP level 2. HP: 19/22 MP: 2/2
   107 | D:1      | Reached skill level 5 in Polearms
   438 | D:1      | Reached XP level 3. HP: 28/28 MP: 3/3
  1012 | D:2      | Slain by a gnoll

Levels and vault maps discovered:
D:1:      lightli_arrival_statuegarden, layout_loops_ring
D:2:      layout_loops_cross, led_sif_pool, lemuel_doored_altar,
          elyvilon_altar_5, uniq_jessica

Skill      XL: |  1  2 |
---------------+-------+-----
Polearms       | 5 |  5.8
Fighting       | |  2.5
Throwing       | |  2.1
Dodging        | |  4.3
Stealth        | |  0.6

Action                   || total
-------------------------++-------
Melee: Trident           ||    88
 Stab: Distracted        ||     1
       Sleeping          ||     1
Armor: Leather armour    ||    38
Dodge: Dodged            ||    91

Table legend:
 A = Non-vault XP
 B = Vault XP
 C = Vault XP percentage of total XP
 D = Non-vault monster count
 E = Vault monster count
 F = Vault count percentage of total count
                 A         B        C        D         E       F
            +---------+---------+-------+---------+---------+-------
      Total |      70 |       0 |   0.0 |      29 |       0 |   0.0
            +---------+---------+-------+---------+---------+-------
        D:1 |      54 |       0 |   0.0 |      24 |       0 |   0.0
        D:2 |      16 |       0 |   0.0 |       5 |       0 |   0.0
            +---------+---------+-------+---------+---------+-------
